Capitals vs Panthers

Created - December 9, 2024 at 19:06

Goals
1 2 3 T
Capitals 0 1 1 2
Panthers 0 1 3 4
Shots
1 2 3 T
Capitals 10 10 11 31
Panthers 9 7 17 33

1st period

No Goal

Penalties :
No Penalty

2nd period

1. Capitals , Sergey Kalinin 4 (Phil Kessel 2, Jeff Skinner 6) at 14:56
2. Panthers , Drake Batherson 6 (Aleksander Barkov 7, Danny DeKeiser 4) at 15:04

Penalties :
Derick Brassard (Flo) for Holding (Minor) at 4:41, Alex Pietrangelo (Flo) for Holding (Minor) at 12:37, Danny DeKeiser (Flo) for Cross-checking (Minor) at 16:30

3rd period

3. Panthers , Pavel Buchnevich 2 (Drake Batherson 7, Aleksander Barkov 8) at 4:42
4. Capitals , Joe Colborne 5 (Bobby Ryan 4, Shea Theodore 6) at 10:45
5. Panthers , Pavel Buchnevich 3 (Aleksander Barkov 9) at 16:35
6. Panthers , Ladislav Smid 1 (Kris Versteeg 3) at 18:59 (Empty Net)

Penalties :
Dmitrij Jaskin (Flo) for Slashing (Minor) at 1:49

Goalie Stats

Cory Schneider (Was), 29 saves from 32 shots - (0.906), L, 7-8-2, 59:48 minutes
Brandon Halverson (Flo), 29 saves from 31 shots - (0.935), W, 2-1-0, 60:00 minutes

Players Stats for Capitals

Player Name              G  A  P  +/- PIM S  H  SB GA TA FO     MP     PP MP  PK MP  
------------------------------------------------------------------------------------
Alexei Marchenko         0  0  0   0  0   1  1  4  2  0  0/0    26:32   4:09   0:00 
Blake Pietila            0  0  0   0  0   1  0  0  0  0  0/0    11:08   0:00   0:00 
Bobby Ryan               0  1  1  -1  0   1  3  0  0  0  1/1    18:15   3:36   0:00 
Brandon Burlon           0  0  0   0  0   1  2  0  0  0  0/0    13:08   0:00   0:00 
Brandon Gormley          0  0  0   0  0   2  1  0  0  1  0/0    26:49   4:09   0:00 
Cody Hodgson             0  0  0   0  0   2  1  0  0  0  2/5    14:33   3:36   0:00 
Colten Teubert           0  0  0   0  0   2  2  0  0  1  0/0    13:10   0:00   0:00 
Jeff Skinner             0  1  1   1  0   0  1  0  2  0  0/0     9:43   0:00   0:00 
Joe Colborne             1  0  1  -1  0   3  2  0  0  0  3/10   14:55   0:08   0:00 
Marko Dano               0  0  0  -1  0   2  0  1  1  0  0/0    18:21   3:36   0:00 
Mike Green               0  0  0  -2  0   0  1  4  0  0  0/0    19:25   3:47   0:00 
Nicklas Backstrom        0  0  0  -2  0   6  1  0  1  0  11/27  20:57   4:12   0:00 
Nicolas Aube-Kubel       0  0  0   0  0   1  1  1  0  0  0/0    11:27   0:00   0:00 
Patrick Kane             0  0  0  -2  0   2  2  0  1  1  2/2    21:32   4:20   0:00 
Phil Kessel              0  1  1   1  0   0  0  0  1  0  0/0     9:39   0:00   0:00 
Sergey Kalinin           1  0  1   1  0   1  0  0  0  0  3/4     9:34   0:00   0:00 
Shea Theodore            0  1  1  -2  0   2  0  1  1  0  0/0    19:25   3:47   0:00 
Taylor Hall              0  0  0  -2  0   4  3  0  0  0  2/3    21:27   4:20   0:00 

Players Stats for Panthers

Player Name              G  A  P  +/- PIM S  H  SB GA TA FO     MP     PP MP  PK MP  
------------------------------------------------------------------------------------
Aleksander Barkov        0  3  3   2  0   1  0  0  1  1  12/18  18:25   0:00   4:13 
Alex Pietrangelo         0  0  0   0  2   3  0  1  0  2  0/0    24:39   0:00   0:51 
Danny DeKeiser           0  1  1   1  2   0  1  1  0  0  0/0    19:20   0:00   2:42 
Derick Brassard          0  0  0  -1  2   2  4  2  0  0  1/2    19:56   0:00   0:54 
Dmitrij Jaskin           0  0  0   0  2   0  0  1  0  0  0/0     8:12   0:00   0:00 
Dominik Kahun            0  0  0  -1  0   1  0  1  0  0  0/3     9:40   0:00   1:07 
Drake Batherson          1  1  2   2  0   2  2  0  0  0  1/3    14:11   0:00   0:00 
Griffin Reinhart         0  0  0   1  0   0  1  1  0  2  0/0    16:00   0:00   0:00 
Kris Versteeg            0  1  1   1  0   2  3  0  1  1  0/0    15:01   0:00   4:13 
Ladislav Smid            1  0  1   0  0   2  0  0  0  1  0/0    16:20   0:00   4:23 
Matt Duchene             0  0  0   0  0   7  0  3  0  0  12/22  18:07   0:00   0:00 
Matt Puempel             0  0  0   0  0   1  2  0  0  0  0/0     8:42   0:00   0:40 
Miro Aaltonen            0  0  0   1  0   1  0  0  1  0  2/4    13:48   0:00   2:36 
Nikita Kucherov          0  0  0   0  0   4  2  1  0  1  0/0    18:07   0:00   0:00 
Niklas Hansson           0  0  0   0  0   1  0  2  0  1  0/0    28:34   0:00   4:23 
Pavel Buchnevich         2  0  2   2  0   5  2  1  0  0  0/0    14:11   0:00   0:00 
Radim Simek              0  0  0   1  0   0  0  1  0  0  0/0    15:26   0:00   3:33 
Zac Rinaldo              0  0  0   1  0   1  1  0  0  0  0/0    13:21   0:00   2:09 

3 Stars

1 - Pavel Buchnevich (Flo)
2 - Drake Batherson (Flo)
3 - Aleksander Barkov (Flo)

Power Play

Capitals - 0 on 4 Attempt(s) - 0.00%
Panthers - 0 on 0 Attempt(s) - 0.00%

Penalty Kill

Capitals - 0 on 0 Attempt(s) - 0.00% - Score 0 goal in Penalty Kill
Panthers - 4 on 4 Attempt(s) - 100.00% - Score 0 goal in Penalty Kill

Team Stat

Capitals - Hits : 21 - Faceoff Wins : 24 - Blocked Shots : 11 - Penalty Minutes : 0
Panthers - Hits : 18 - Faceoff Wins : 28 - Blocked Shots : 15 - Penalty Minutes : 8

Official

Referees : Brian Pochmara and Mitch Dunning
Linesman : Trent Knorr and Brandon Gawryletz

Game Notes

Ladislav Smid has scored in a empty net!

Finance

Level 1 -- Attendance: 6000 (100.00%) -- Ticket Income $600,000
Level 2 -- Attendance: 5000 (100.00%) -- Ticket Income $350,000
Level 3 -- Attendance: 2000 (100.00%) -- Ticket Income $80,000
Level 4 -- Attendance: 3674 (91.85%) -- Ticket Income $110,220
Luxury Box -- Attendance: 963 (96.30%) -- Ticket Income $192,600
Game was played at the BBT Center.
Total Attendance: 17637 (97.98%)
Total Ticket Income: $1,332,820
Other Income: $199,923
Total Income: $1,532,743

Capitals

5 vs 5 Forward 
   Center                   Left Wing                Right Wing               Time % Phy DF OF 
 1 Nicklas Backstrom        Taylor Hall              Patrick Kane             40     0   1  4  
 2 Joe Colborne             Marko Dano               Bobby Ryan               30     0   1  4  
 3 Cody Hodgson             Blake Pietila            Nicolas Aube-Kubel       20     0   1  4  
 4 Sergey Kalinin           Jeff Skinner             Phil Kessel              10     0   2  3  

5 vs 5 Defense 
   Defense                  Defense                                           Time % Phy DF OF 
 1 Brandon Gormley          Alexei Marchenko                                  40     0   3  2  
 2 Mike Green               Shea Theodore                                     30     0   3  2  
 3 Colten Teubert           Brandon Burlon                                    20     0   3  2  
 4 Brandon Gormley          Alexei Marchenko                                  10     0   3  2  

PowerPlay Forward 
   Center                   Left Wing                Right Wing               Time % Phy DF OF 
 1 Nicklas Backstrom        Taylor Hall              Patrick Kane             60     0   0  5  
 2 Cody Hodgson             Marko Dano               Bobby Ryan               40     0   0  5  

PowerPlay Defense
   Defense                  Defense                                           Time % Phy DF OF 
 1 Brandon Gormley          Alexei Marchenko                                  60     0   2  3  
 2 Mike Green               Shea Theodore                                     40     0   2  3  

Penalty Kill 4 Players Forward 
   Center                   Wing                     Time % Phy DF OF 
 1 Patrick Kane             Taylor Hall              60     0   4  1  
 2 Nicklas Backstrom        Marko Dano               40     0   4  1  

Penalty Kill 4 Players Defense
   Defense                  Defense                  Time % Phy DF OF 
 1 Brandon Gormley          Alexei Marchenko         60     0   4  1  
 2 Mike Green               Shea Theodore            40     0   4  1  

Penalty Kill - 3 Players Forward 
   Forward                                           Time % Phy DF OF 
 1 Patrick Kane                                      60     0   5  0  
 2 Taylor Hall                                       40     0   5  0  

Penalty Kill - 3 Players Defense
   Defense                  Defense                  Time % Phy DF OF 
 1 Brandon Gormley          Alexei Marchenko         60     0   5  0  
 2 Mike Green               Shea Theodore            40     0   5  0  

4 vs 4 Forward 
   Center                   Wing                     Time % Phy DF OF 
 1 Patrick Kane             Taylor Hall              60     0   1  4  
 2 Nicklas Backstrom        Marko Dano               40     0   1  4  

4 vs 4 Defense
   Defense                  Defense                  Time % Phy DF OF 
 1 Brandon Gormley          Alexei Marchenko         60     0   3  2  
 2 Mike Green               Shea Theodore            40     0   3  2  

Last Minutes Offensive
   Center                   Left Wing                Right Wing               Defense                  Defense                  
   Nicklas Backstrom        Taylor Hall              Patrick Kane             Brandon Gormley          Alexei Marchenko         

Last Minutes Defensive
   Center                   Left Wing                Right Wing               Defense                  Defense                  
   Nicklas Backstrom        Taylor Hall              Patrick Kane             Brandon Gormley          Alexei Marchenko         

Goaltenders
Starting : Cory Schneider           
Backup : Chet Pickard             

Extra Forwards
Normal : Taylor Hall, Patrick Kane, Marko Dano - PP : Taylor Hall, Patrick Kane - PK : Patrick Kane
Extra Defensemen
Normal : Brandon Gormley, Shea Theodore, Alexei Marchenko - PP : Shea Theodore - PK : Alexei Marchenko, Brandon Gormley
Penalty Shots
Patrick Kane, Taylor Hall, Nicklas Backstrom, Marko Dano, Jeff Skinner
Custom OT Lines Forwards
Patrick Kane, Taylor Hall, Nicklas Backstrom, Marko Dano, Jeff Skinner, Cody Hodgson, Blake Pietila, Bobby Ryan, Joe Colborne, Nicolas Aube-Kubel
Custom OT Lines Defensemen
Brandon Gormley, Alexei Marchenko, Mike Green, Shea Theodore, Colten Teubert

Scratches
None

Panthers

5 vs 5 Forward 
   Center                   Left Wing                Right Wing               Time % Phy DF OF 
 1 Matt Duchene             Derick Brassard          Nikita Kucherov          40     1   2  2  
 2 Aleksander Barkov        Pavel Buchnevich         Drake Batherson          30     1   2  2  
 3 Miro Aaltonen            Zac Rinaldo              Kris Versteeg            20     1   2  2  
 4 Dominik Kahun            Matt Puempel             Dmitrij Jaskin           10     1   2  2  

5 vs 5 Defense 
   Defense                  Defense                                           Time % Phy DF OF 
 1 Alex Pietrangelo         Niklas Hansson                                    40     1   2  2  
 2 Danny DeKeiser           Griffin Reinhart                                  30     1   2  2  
 3 Ladislav Smid            Radim Simek                                       20     1   2  2  
 4 Alex Pietrangelo         Niklas Hansson                                    10     1   2  2  

PowerPlay Forward 
   Center                   Left Wing                Right Wing               Time % Phy DF OF 
 1 Matt Duchene             Derick Brassard          Nikita Kucherov          60     0   1  4  
 2 Aleksander Barkov        Pavel Buchnevich         Drake Batherson          40     0   1  4  

PowerPlay Defense
   Defense                  Defense                                           Time % Phy DF OF 
 1 Alex Pietrangelo         Niklas Hansson                                    60     0   2  3  
 2 Danny DeKeiser           Griffin Reinhart                                  40     0   2  3  

Penalty Kill 4 Players Forward 
   Center                   Wing                     Time % Phy DF OF 
 1 Aleksander Barkov        Kris Versteeg            60     1   3  1  
 2 Miro Aaltonen            Zac Rinaldo              40     1   3  1  

Penalty Kill 4 Players Defense
   Defense                  Defense                  Time % Phy DF OF 
 1 Ladislav Smid            Niklas Hansson           60     1   4  0  
 2 Danny DeKeiser           Radim Simek              40     1   4  0  

Penalty Kill - 3 Players Forward 
   Forward                                           Time % Phy DF OF 
 1 Kris Versteeg                                     60     1   3  1  
 2 Aleksander Barkov                                 40     1   3  1  

Penalty Kill - 3 Players Defense
   Defense                  Defense                  Time % Phy DF OF 
 1 Ladislav Smid            Niklas Hansson           60     1   3  1  
 2 Danny DeKeiser           Radim Simek              40     1   3  1  

4 vs 4 Forward 
   Center                   Wing                     Time % Phy DF OF 
 1 Matt Duchene             Nikita Kucherov          60     1   2  2  
 2 Aleksander Barkov        Pavel Buchnevich         40     1   2  2  

4 vs 4 Defense
   Defense                  Defense                  Time % Phy DF OF 
 1 Alex Pietrangelo         Niklas Hansson           60     1   2  2  
 2 Danny DeKeiser           Griffin Reinhart         40     1   2  2  

Last Minutes Offensive
   Center                   Left Wing                Right Wing               Defense                  Defense                  
   Matt Duchene             Pavel Buchnevich         Nikita Kucherov          Alex Pietrangelo         Griffin Reinhart         

Last Minutes Defensive
   Center                   Left Wing                Right Wing               Defense                  Defense                  
   Aleksander Barkov        Zac Rinaldo              Kris Versteeg            Danny DeKeiser           Niklas Hansson           

Goaltenders
Starting : Brandon Halverson        
Backup : Ville Husso              

Extra Forwards
Normal : Aleksander Barkov, Nikita Kucherov, Matt Duchene - PP : Drake Batherson, Matt Duchene - PK : Miro Aaltonen
Extra Defensemen
Normal : Radim Simek, Alex Pietrangelo, Niklas Hansson - PP : Alex Pietrangelo - PK : Radim Simek, Niklas Hansson
Penalty Shots
Drake Batherson, Nikita Kucherov, Pavel Buchnevich, Matt Duchene, Aleksander Barkov
Custom OT Lines Forwards
Matt Duchene, Nikita Kucherov, Aleksander Barkov, Drake Batherson, Pavel Buchnevich, Zac Rinaldo, Miro Aaltonen, Derick Brassard, Matt Puempel, Kris Versteeg
Custom OT Lines Defensemen
Alex Pietrangelo, Danny DeKeiser, Niklas Hansson, Griffin Reinhart, Ladislav Smid

Scratches
Jimmy Vesey (Fractured Metatarsal (Right Foot) Injury), Nikolay Goldobin (Torn Left Knee Ligaments Injury)

% Time on Ice - Capitals

Lines # - Real PCT - Wanted PCT - Time Play
Normal Forward
1 - 33% - 40% - 16:57
2 - 28% - 30% - 14:50
3 - 21% - 20% - 10:54
4 - 18% - 10% - 9:23
Normal Defense
1 - 37% - 40% - 19:15
2 - 31% - 30% - 16:08
3 - 25% - 20% - 12:55
4 - 7% - 10% - 3:46
PP Forward
1 - 55% - 60% - 4:20
2 - 45% - 40% - 3:36
PP Defense
1 - 52% - 60% - 4:09
2 - 48% - 40% - 3:47
PK Forward
1 - 0% - 60%
2 - 0% - 40%
PK Defense
1 - 0% - 60%
2 - 0% - 40%
PK3 Forward
1 - 0% - 60%
2 - 0% - 40%
PK3 Defense
1 - 0% - 60%
2 - 0% - 40%
44 Forward
1 - 0% - 60%
2 - 0% - 40%
44 Defense
1 - 0% - 60%
2 - 0% - 40%
Last Minute Offensive  - 0:00
Last Minute Defensive  - 0:00
Total
Forward - 60:00
Defense - 60:00

% Time on Ice - Panthers

Lines # - Real PCT - Wanted PCT - Time Play
Normal Forward
1 - 36% - 40% - 18:39
2 - 28% - 30% - 14:36
3 - 21% - 20% - 10:47
4 - 15% - 10% - 8:02
Normal Defense
1 - 39% - 40% - 20:22
2 - 32% - 30% - 16:38
3 - 22% - 20% - 11:15
4 - 7% - 10% - 3:49
PP Forward
1 - 0% - 60%
2 - 0% - 40%
PP Defense
1 - 0% - 60%
2 - 0% - 40%
PK Forward
1 - 73% - 60% - 5:47
2 - 27% - 40% - 2:09
PK Defense
1 - 55% - 60% - 4:23
2 - 45% - 40% - 3:33
PK3 Forward
1 - 0% - 60%
2 - 0% - 40%
PK3 Defense
1 - 0% - 60%
2 - 0% - 40%
44 Forward
1 - 0% - 60%
2 - 0% - 40%
44 Defense
1 - 0% - 60%
2 - 0% - 40%
Last Minute Offensive  - 0:00
Last Minute Defensive  - 0:00
Total
Forward - 60:00
Defense - 60:00

Play-by-Play

1st period


0:01 of 1st period - Matt Duchene wins face-off versus Nicklas Backstrom in neutral zone.
0:06 of 1st period - Snap shot by Matt Duchene.
0:06 of 1st period - Stopped by Cory Schneider with a rebound.
0:08 of 1st period - Snap shot by Derick Brassard.
0:08 of 1st period - Stopped by Cory Schneider without a rebound.
0:09 of 1st period - Nicklas Backstrom wins face-off versus Matt Duchene in Capitals zone.
0:26 of 1st period - Wrist shot by Taylor Hall.
0:26 of 1st period - Deflect By Nicklas Backstrom.
0:26 of 1st period - Stopped by Brandon Halverson with a rebound.
0:45 of 1st period - Wrist shot by Matt Duchene.
0:45 of 1st period - Stopped by Cory Schneider with a rebound.
0:47 of 1st period - Slapshot by Alex Pietrangelo.
0:47 of 1st period - Deflect By Patrick Kane.
0:47 of 1st period - Stopped by Cory Schneider with a rebound.
0:55 of 1st period - Niklas Hansson is hit by Taylor Hall and loses puck.
1:43 of 1st period - Slapshot by Nicklas Backstrom.
1:43 of 1st period - Stopped by Brandon Halverson without a rebound.
1:44 of 1st period - Aleksander Barkov wins face-off versus Joe Colborne in Panthers zone.
2:14 of 1st period - Snap shot by Blake Pietila.
2:14 of 1st period - Shot Misses the Net.
2:16 of 1st period - Slapshot by Mike Green.
2:16 of 1st period - Shot Blocked by Griffin Reinhart.
2:18 of 1st period - Snap shot by Cody Hodgson.
2:18 of 1st period - Stopped by Brandon Halverson with a rebound.
2:20 of 1st period - Slapshot by Shea Theodore.
2:20 of 1st period - Stopped by Brandon Halverson with a rebound.
2:22 of 1st period - Wrist shot by Nicolas Aube-Kubel.
2:22 of 1st period - Stopped by Brandon Halverson without a rebound.
2:23 of 1st period - Sergey Kalinin wins face-off versus Dominik Kahun in Panthers zone.
3:16 of 1st period - Mike Green is hit by Zac Rinaldo and loses puck.
3:36 of 1st period - Alex Pietrangelo is hit by Bobby Ryan and loses puck.
4:44 of 1st period - Marko Dano is hit by Kris Versteeg and loses puck.
5:09 of 1st period - Slapshot by Blake Pietila.
5:09 of 1st period - Shot Misses the Net.
5:11 of 1st period - Slapshot by Colten Teubert.
5:11 of 1st period - Shot Hit the Post.
5:13 of 1st period - Slapshot by Colten Teubert.
5:13 of 1st period - Stopped by Brandon Halverson with a rebound.
5:15 of 1st period - Slapshot by Brandon Burlon.
5:15 of 1st period - Shot Blocked by Radim Simek.
5:25 of 1st period - Sergey Kalinin is hit by Derick Brassard and loses puck.
5:30 of 1st period - Snap shot by Nikita Kucherov.
5:30 of 1st period - Stopped by Cory Schneider with a rebound.
5:32 of 1st period - Slapshot by Danny DeKeiser.
5:32 of 1st period - Deflect By Derick Brassard.
5:32 of 1st period - Shot Misses the Net.
5:32 of 1st period - Puck is out of play.
5:33 of 1st period - Taylor Hall wins face-off versus Miro Aaltonen in Capitals zone.
6:02 of 1st period - Wrist shot by Drake Batherson.
6:02 of 1st period - Stopped by Cory Schneider with a rebound.
6:49 of 1st period - Wrist shot by Dmitrij Jaskin.
6:49 of 1st period - Shot Blocked by Alexei Marchenko.
6:51 of 1st period - Wrist shot by Dmitrij Jaskin.
6:51 of 1st period - Shot Blocked by Alexei Marchenko.
6:53 of 1st period - Snap shot by Matt Puempel.
6:53 of 1st period - Stopped by Cory Schneider with a rebound.
8:21 of 1st period - Off-side.
8:22 of 1st period - Matt Duchene wins face-off versus Nicklas Backstrom in neutral zone.
8:53 of 1st period - Slapshot by Shea Theodore.
8:53 of 1st period - Stopped by Brandon Halverson with a rebound.
8:55 of 1st period - Slapshot by Colten Teubert.
8:55 of 1st period - Shot Blocked by Alex Pietrangelo.
8:57 of 1st period - Backhand shot by Colten Teubert.
8:57 of 1st period - Stopped by Brandon Halverson with a rebound.
8:59 of 1st period - Snap shot by Marko Dano.
8:59 of 1st period - Stopped by Brandon Halverson without a rebound.
9:00 of 1st period - Aleksander Barkov wins face-off versus Joe Colborne in Panthers zone.
9:26 of 1st period - Taylor Hall is hit by Derick Brassard and loses puck.
9:46 of 1st period - Brandon Burlon is hit by Nikita Kucherov and loses puck.
10:09 of 1st period - Snap shot by Matt Duchene.
10:09 of 1st period - Stopped by Cory Schneider with a rebound.
11:25 of 1st period - Wrist shot by Nikita Kucherov.
11:25 of 1st period - Shot Misses the Net.
11:31 of 1st period - Nikita Kucherov is hit by Colten Teubert and loses puck.
11:54 of 1st period - Snap shot by Nicklas Backstrom.
11:54 of 1st period - Shot Blocked by Matt Duchene.
11:56 of 1st period - Snap shot by Patrick Kane.
11:56 of 1st period - Shot Blocked by Niklas Hansson.
12:10 of 1st period - Snap shot by Nicklas Backstrom.
12:10 of 1st period - Stopped by Brandon Halverson without a rebound.
12:11 of 1st period - Aleksander Barkov wins face-off versus Joe Colborne in Panthers zone.
13:32 of 1st period - Snap shot by Pavel Buchnevich.
13:32 of 1st period - Shot Misses the Net.
13:44 of 1st period - Wrist shot by Kris Versteeg.
13:44 of 1st period - Deflect By Zac Rinaldo.
13:44 of 1st period - Stopped by Cory Schneider with a rebound.
13:46 of 1st period - Slapshot by Griffin Reinhart.
13:46 of 1st period - Shot Misses the Net.
13:48 of 1st period - Snap shot by Kris Versteeg.
13:48 of 1st period - Shot Blocked by Mike Green.
14:03 of 1st period - Mike Green is hit by Matt Puempel and loses puck.
16:43 of 1st period - Danny DeKeiser is hit by Nicolas Aube-Kubel and loses puck.
17:56 of 1st period - Icing by Alex Pietrangelo.
17:57 of 1st period - Nicklas Backstrom wins face-off versus Drake Batherson in Panthers zone.
18:18 of 1st period - Patrick Kane is hit by Kris Versteeg and loses puck.
Goals for this period are 0 for Capitals vs 0 for Panthers.
Shots for this period are 10 for Capitals vs 9 for Panthers.

2nd period


0:01 of 2nd period - Matt Duchene wins face-off versus Nicklas Backstrom in neutral zone.
0:56 of 2nd period - Alexei Marchenko is hit by Matt Puempel and loses puck.
1:11 of 2nd period - Griffin Reinhart is hit by Jeff Skinner.
2:14 of 2nd period - Icing by Blake Pietila.
2:15 of 2nd period - Cody Hodgson wins face-off versus Dominik Kahun in Capitals zone.
3:00 of 2nd period - Wrist shot by Blake Pietila.
3:00 of 2nd period - Shot Misses the Net.
3:02 of 2nd period - Slapshot by Alexei Marchenko.
3:02 of 2nd period - Shot Blocked by Dmitrij Jaskin.
3:22 of 2nd period - Snap shot by Blake Pietila.
3:22 of 2nd period - Stopped by Brandon Halverson without a rebound.
3:23 of 2nd period - Nicklas Backstrom wins face-off versus Matt Duchene in Panthers zone.
3:26 of 2nd period - Snap shot by Nicklas Backstrom.
3:26 of 2nd period - Shot Misses the Net.
3:28 of 2nd period - Wrist shot by Patrick Kane.
3:28 of 2nd period - Shot Blocked by Danny DeKeiser.
4:00 of 2nd period - Danny DeKeiser is hit by Colten Teubert and loses puck.
4:24 of 2nd period - Wrist shot by Kris Versteeg.
4:24 of 2nd period - Stopped by Cory Schneider with a rebound.
4:26 of 2nd period - Snap shot by Miro Aaltonen.
4:26 of 2nd period - Stopped by Cory Schneider with a rebound.
4:38 of 2nd period - Snap shot by Patrick Kane.
4:38 of 2nd period - Stopped by Brandon Halverson without a rebound.
4:39 of 2nd period - Matt Duchene wins face-off versus Nicklas Backstrom in Panthers zone.
4:41 of 2nd period - Minor Penalty to Derick Brassard for Holding.
4:42 of 2nd period - Nicklas Backstrom wins face-off versus Aleksander Barkov in Panthers zone.
5:08 of 2nd period - Niklas Hansson is hit by Bobby Ryan.
5:12 of 2nd period - Shea Theodore is hit by Danny DeKeiser and loses puck.
6:41 of 2nd period - Penalty to Derick Brassard is over, Derick Brassard is back on ice.
6:55 of 2nd period - Wrist shot by Derick Brassard.
6:55 of 2nd period - Shot Blocked by Mike Green.
7:36 of 2nd period - Icing by Nicolas Aube-Kubel.
7:37 of 2nd period - Drake Batherson wins face-off versus Joe Colborne in Capitals zone.
7:44 of 2nd period - Wrist shot by Pavel Buchnevich.
7:44 of 2nd period - Deflect By Drake Batherson.
7:44 of 2nd period - Shot Misses the Net.
7:44 of 2nd period - Puck is out of play.
7:45 of 2nd period - Derick Brassard wins face-off versus Nicklas Backstrom in Capitals zone.
7:58 of 2nd period - Snap shot by Taylor Hall.
7:58 of 2nd period - Deflect By Alex Pietrangelo.
7:58 of 2nd period - Stopped by Brandon Halverson with a rebound.
8:00 of 2nd period - Backhand shot by Alexei Marchenko.
8:00 of 2nd period - Stopped by Brandon Halverson without a rebound.
8:01 of 2nd period - Joe Colborne wins face-off versus Drake Batherson in Panthers zone.
8:10 of 2nd period - Brandon Gormley is hit by Pavel Buchnevich and loses puck.
8:29 of 2nd period - Nikita Kucherov is hit by Taylor Hall and loses puck.
8:59 of 2nd period - Slapshot by Niklas Hansson.
8:59 of 2nd period - Stopped by Cory Schneider with a rebound.
9:39 of 2nd period - Snap shot by Pavel Buchnevich.
9:39 of 2nd period - Shot Blocked by Marko Dano.
10:15 of 2nd period - Ladislav Smid is hit by Taylor Hall and loses puck.
11:02 of 2nd period - Snap shot by Nikita Kucherov.
11:02 of 2nd period - Deflect By Matt Duchene.
11:02 of 2nd period - Stopped by Cory Schneider with a rebound.
11:04 of 2nd period - Backhand shot by Ladislav Smid.
11:04 of 2nd period - Shot Blocked by Mike Green.
11:06 of 2nd period - Slapshot by Ladislav Smid.
11:06 of 2nd period - Stopped by Cory Schneider without a rebound.
11:07 of 2nd period - Bobby Ryan wins face-off versus Aleksander Barkov in Capitals zone.
11:20 of 2nd period - Brandon Gormley is hit by Drake Batherson and loses puck.
11:33 of 2nd period - Zac Rinaldo is hit by Alexei Marchenko and loses puck.
11:40 of 2nd period - Slapshot by Alex Pietrangelo.
11:40 of 2nd period - Stopped by Cory Schneider without a rebound.
11:41 of 2nd period - Aleksander Barkov wins face-off versus Cody Hodgson in Capitals zone.
11:48 of 2nd period - Snap shot by Aleksander Barkov.
11:48 of 2nd period - Shot Misses the Net.
12:37 of 2nd period - Minor Penalty to Alex Pietrangelo for Holding.
12:38 of 2nd period - Nicklas Backstrom wins face-off versus Aleksander Barkov in Panthers zone.
12:46 of 2nd period - Backhand shot by Nicklas Backstrom.
12:46 of 2nd period - Stopped by Brandon Halverson without a rebound.
12:47 of 2nd period - Nicklas Backstrom wins face-off versus Aleksander Barkov in Panthers zone.
12:50 of 2nd period - Snap shot by Taylor Hall.
12:50 of 2nd period - Stopped by Brandon Halverson with a rebound.
12:52 of 2nd period - Slapshot by Nicklas Backstrom.
12:52 of 2nd period - Shot Misses the Net.
12:54 of 2nd period - Slapshot by Brandon Gormley.
12:54 of 2nd period - Stopped by Brandon Halverson without a rebound.
12:55 of 2nd period - Aleksander Barkov wins face-off versus Nicklas Backstrom in Panthers zone.
13:12 of 2nd period - Aleksander Barkov is hit by Patrick Kane and loses puck.
13:58 of 2nd period - Danny DeKeiser is hit by Cody Hodgson and loses puck.
14:37 of 2nd period - Penalty to Alex Pietrangelo is over, Alex Pietrangelo is back on ice.
14:54 of 2nd period - Slapshot by Phil Kessel.
14:54 of 2nd period - Shot Misses the Net.
14:56 of 2nd period - Wrist shot by Sergey Kalinin.
14:56 of 2nd period - Goal by Sergey Kalinin - Capitals : 1 - Panthers : 0.
14:57 of 2nd period - Aleksander Barkov wins face-off versus Nicklas Backstrom in neutral zone.
15:04 of 2nd period - Slapshot by Drake Batherson.
15:04 of 2nd period - Goal by Drake Batherson - Capitals : 1 - Panthers : 1.
15:05 of 2nd period - Nicklas Backstrom wins face-off versus Matt Duchene in neutral zone.
15:10 of 2nd period - Snap shot by Patrick Kane.
15:10 of 2nd period - Shot Misses the Net.
15:12 of 2nd period - Snap shot by Alexei Marchenko.
15:12 of 2nd period - Shot Misses the Net.
15:14 of 2nd period - Snap shot by Taylor Hall.
15:14 of 2nd period - Shot Blocked by Derick Brassard.
15:16 of 2nd period - Snap shot by Nicklas Backstrom.
15:16 of 2nd period - Stopped by Brandon Halverson with a rebound.
15:20 of 2nd period - Slapshot by Taylor Hall.
15:20 of 2nd period - Shot Misses the Net.
15:22 of 2nd period - Snap shot by Patrick Kane.
15:22 of 2nd period - Shot Blocked by Matt Duchene.
15:38 of 2nd period - Joe Colborne is hit by Drake Batherson and loses puck.
16:30 of 2nd period - Minor Penalty to Danny DeKeiser for Cross-checking.
16:31 of 2nd period - Aleksander Barkov wins face-off versus Nicklas Backstrom in Panthers zone.
16:42 of 2nd period - Slapshot by Brandon Gormley.
16:42 of 2nd period - Stopped by Brandon Halverson with a rebound.
17:32 of 2nd period - Shea Theodore is hit by Kris Versteeg and loses puck.
18:30 of 2nd period - Penalty to Danny DeKeiser is over, Danny DeKeiser is back on ice.
19:18 of 2nd period - Matt Puempel is hit by Brandon Burlon and loses puck.
19:39 of 2nd period - Aleksander Barkov is hit by Mike Green and loses puck.
Goals for this period are 1 for Capitals vs 1 for Panthers.
Shots for this period are 10 for Capitals vs 7 for Panthers.

3rd period


0:01 of 3rd period - Matt Duchene wins face-off versus Nicklas Backstrom in neutral zone.
0:08 of 3rd period - Wrist shot by Matt Duchene.
0:08 of 3rd period - Deflect By Derick Brassard.
0:08 of 3rd period - Shot Blocked by Alexei Marchenko.
0:08 of 3rd period - Puck is out of play.
0:09 of 3rd period - Matt Duchene wins face-off versus Taylor Hall in Capitals zone.
0:10 of 3rd period - Slapshot by Alex Pietrangelo.
0:10 of 3rd period - Shot Misses the Net.
0:28 of 3rd period - Slapshot by Patrick Kane.
0:28 of 3rd period - Shot Blocked by Nikita Kucherov.
0:46 of 3rd period - Slapshot by Nicklas Backstrom.
0:46 of 3rd period - Stopped by Brandon Halverson without a rebound.
0:47 of 3rd period - Aleksander Barkov wins face-off versus Joe Colborne in Panthers zone.
1:43 of 3rd period - Wrist shot by Sergey Kalinin.
1:43 of 3rd period - Shot Misses the Net.
1:49 of 3rd period - Minor Penalty to Dmitrij Jaskin for Slashing.
1:50 of 3rd period - Nicklas Backstrom wins face-off versus Aleksander Barkov in Panthers zone.
3:31 of 3rd period - Radim Simek is hit by Bobby Ryan and loses puck.
3:49 of 3rd period - Penalty to Dmitrij Jaskin is over, Dmitrij Jaskin is back on ice.
4:09 of 3rd period - Backhand shot by Matt Duchene.
4:09 of 3rd period - Deflect By Phil Kessel.
4:09 of 3rd period - Shot Misses the Net.
4:09 of 3rd period - Puck is out of play.
4:10 of 3rd period - Sergey Kalinin wins face-off versus Matt Duchene in Capitals zone.
4:23 of 3rd period - Alexei Marchenko is hit by Derick Brassard and loses puck.
4:36 of 3rd period - Snap shot by Nikita Kucherov.
4:36 of 3rd period - Shot Hit the Post.
4:38 of 3rd period - Wrist shot by Matt Duchene.
4:38 of 3rd period - Stopped by Cory Schneider without a rebound.
4:39 of 3rd period - Aleksander Barkov wins face-off versus Nicklas Backstrom in Capitals zone.
4:42 of 3rd period - Slapshot by Pavel Buchnevich.
4:42 of 3rd period - Goal by Pavel Buchnevich - Capitals : 1 - Panthers : 2.
4:43 of 3rd period - Matt Duchene wins face-off versus Nicklas Backstrom in neutral zone.
5:09 of 3rd period - Alexei Marchenko is hit by Pavel Buchnevich and loses puck.
5:42 of 3rd period - Slapshot by Miro Aaltonen.
5:42 of 3rd period - Shot Blocked by Mike Green.
5:44 of 3rd period - Wrist shot by Miro Aaltonen.
5:44 of 3rd period - Shot Misses the Net.
5:46 of 3rd period - Snap shot by Miro Aaltonen.
5:46 of 3rd period - Shot Blocked by Nicolas Aube-Kubel.
6:00 of 3rd period - Mike Green is hit by Derick Brassard and loses puck.
6:18 of 3rd period - Wrist shot by Dominik Kahun.
6:18 of 3rd period - Stopped by Cory Schneider without a rebound.
6:19 of 3rd period - Sergey Kalinin wins face-off versus Dominik Kahun in Capitals zone.
6:30 of 3rd period - Snap shot by Jeff Skinner.
6:30 of 3rd period - Shot Misses the Net.
7:06 of 3rd period - Snap shot by Jeff Skinner.
7:06 of 3rd period - Shot Blocked by Niklas Hansson.
7:08 of 3rd period - Slapshot by Brandon Burlon.
7:08 of 3rd period - Deflect By Alex Pietrangelo.
7:08 of 3rd period - Stopped by Brandon Halverson with a rebound.
7:10 of 3rd period - Slapshot by Colten Teubert.
7:10 of 3rd period - Deflect By Jeff Skinner.
7:10 of 3rd period - Shot Blocked by Dominik Kahun.
7:10 of 3rd period - Puck is out of play.
7:11 of 3rd period - Matt Duchene wins face-off versus Nicklas Backstrom in Panthers zone.
7:37 of 3rd period - Pavel Buchnevich is hit by Joe Colborne and loses puck.
8:40 of 3rd period - Snap shot by Sergey Kalinin.
8:40 of 3rd period - Deflect By Jeff Skinner.
8:40 of 3rd period - Shot Misses the Net.
8:40 of 3rd period - Puck is out of play.
8:41 of 3rd period - Matt Duchene wins face-off versus Sergey Kalinin in Panthers zone.
8:54 of 3rd period - Snap shot by Phil Kessel.
8:54 of 3rd period - Shot Misses the Net.
8:56 of 3rd period - Slapshot by Colten Teubert.
8:56 of 3rd period - Shot Misses the Net.
8:58 of 3rd period - Wrist shot by Sergey Kalinin.
8:58 of 3rd period - Shot Blocked by Derick Brassard.
9:16 of 3rd period - Wrist shot by Phil Kessel.
9:16 of 3rd period - Deflect By Jeff Skinner.
9:16 of 3rd period - Shot Blocked by Matt Duchene.
9:16 of 3rd period - Puck is out of play.
9:17 of 3rd period - Aleksander Barkov wins face-off versus Nicklas Backstrom in Panthers zone.
9:30 of 3rd period - Slapshot by Patrick Kane.
9:30 of 3rd period - Shot Misses the Net.
9:32 of 3rd period - Snap shot by Patrick Kane.
9:32 of 3rd period - Stopped by Brandon Halverson without a rebound.
9:33 of 3rd period - Joe Colborne wins face-off versus Matt Duchene in Panthers zone.
10:00 of 3rd period - Niklas Hansson is hit by Nicklas Backstrom and loses puck.
10:09 of 3rd period - Snap shot by Patrick Kane.
10:09 of 3rd period - Deflect By Taylor Hall.
10:09 of 3rd period - Stopped by Brandon Halverson without a rebound.
10:10 of 3rd period - Matt Duchene wins face-off versus Nicklas Backstrom in Panthers zone.
10:41 of 3rd period - Wrist shot by Joe Colborne.
10:41 of 3rd period - Stopped by Brandon Halverson with a rebound.
10:43 of 3rd period - Slapshot by Shea Theodore.
10:43 of 3rd period - Deflect By Bobby Ryan.
10:43 of 3rd period - Deflect By Griffin Reinhart.
10:43 of 3rd period - Stopped by Brandon Halverson with a rebound.
10:45 of 3rd period - Snap shot by Joe Colborne.
10:45 of 3rd period - Goal by Joe Colborne - Capitals : 2 - Panthers : 2.
10:46 of 3rd period - Matt Duchene wins face-off versus Nicklas Backstrom in neutral zone.
10:53 of 3rd period - Icing by Nicklas Backstrom.
10:54 of 3rd period - Patrick Kane wins face-off versus Matt Duchene in Capitals zone.
10:54 of 3rd period - Patrick Kane is hit by Nikita Kucherov.
11:10 of 3rd period - Snap shot by Derick Brassard.
11:10 of 3rd period - Stopped by Cory Schneider without a rebound.
11:11 of 3rd period - Aleksander Barkov wins face-off versus Joe Colborne in Capitals zone.
11:12 of 3rd period - Slapshot by Alex Pietrangelo.
11:12 of 3rd period - Shot Misses the Net.
11:17 of 3rd period - Off-side.
11:18 of 3rd period - Joe Colborne wins face-off versus Aleksander Barkov in neutral zone.
11:41 of 3rd period - Snap shot by Marko Dano.
11:41 of 3rd period - Shot Misses the Net.
11:43 of 3rd period - Snap shot by Joe Colborne.
11:43 of 3rd period - Stopped by Brandon Halverson without a rebound.
11:44 of 3rd period - Nicklas Backstrom wins face-off versus Matt Duchene in Panthers zone.
11:56 of 3rd period - Wrist shot by Nicklas Backstrom.
11:56 of 3rd period - Shot Misses the Net.
11:58 of 3rd period - Slapshot by Mike Green.
11:58 of 3rd period - Shot Misses the Net.
12:00 of 3rd period - Snap shot by Taylor Hall.
12:00 of 3rd period - Stopped by Brandon Halverson with a rebound.
12:35 of 3rd period - Slapshot by Jeff Skinner.
12:35 of 3rd period - Shot Blocked by Pavel Buchnevich.
13:32 of 3rd period - Alex Pietrangelo is hit by Brandon Burlon and loses puck.
13:55 of 3rd period - Pavel Buchnevich is hit by Joe Colborne and loses puck.
14:00 of 3rd period - Snap shot by Marko Dano.
14:00 of 3rd period - Stopped by Brandon Halverson without a rebound.
14:01 of 3rd period - Nicklas Backstrom wins face-off versus Matt Duchene in Panthers zone.
14:10 of 3rd period - Snap shot by Nikita Kucherov.
14:10 of 3rd period - Shot Blocked by Alexei Marchenko.
14:12 of 3rd period - Wrist shot by Nikita Kucherov.
14:12 of 3rd period - Stopped by Cory Schneider without a rebound.
14:13 of 3rd period - Matt Duchene wins face-off versus Nicklas Backstrom in Capitals zone.
14:18 of 3rd period - Snap shot by Matt Duchene.
14:18 of 3rd period - Deflect By Nikita Kucherov.
14:18 of 3rd period - Stopped by Cory Schneider with a rebound.
14:20 of 3rd period - Snap shot by Nikita Kucherov.
14:20 of 3rd period - Stopped by Cory Schneider without a rebound.
14:21 of 3rd period - Nicklas Backstrom wins face-off versus Matt Duchene in Capitals zone.
14:40 of 3rd period - Danny DeKeiser is hit by Patrick Kane.
14:59 of 3rd period - Off-side.
15:00 of 3rd period - Aleksander Barkov wins face-off versus Joe Colborne in neutral zone.
15:42 of 3rd period - Wrist shot by Drake Batherson.
15:42 of 3rd period - Deflect By Pavel Buchnevich.
15:42 of 3rd period - Stopped by Cory Schneider with a rebound.
15:44 of 3rd period - Slapshot by Alex Pietrangelo.
15:44 of 3rd period - Stopped by Cory Schneider with a rebound.
16:09 of 3rd period - Snap shot by Aleksander Barkov.
16:09 of 3rd period - Shot Blocked by Shea Theodore.
16:11 of 3rd period - Wrist shot by Aleksander Barkov.
16:11 of 3rd period - Stopped by Cory Schneider with a rebound.
16:23 of 3rd period - Snap shot by Pavel Buchnevich.
16:23 of 3rd period - Stopped by Cory Schneider with a rebound.
16:29 of 3rd period - Slapshot by Pavel Buchnevich.
16:29 of 3rd period - Stopped by Cory Schneider with a rebound.
16:31 of 3rd period - Slapshot by Aleksander Barkov.
16:31 of 3rd period - Shot Misses the Net.
16:33 of 3rd period - Wrist shot by Pavel Buchnevich.
16:33 of 3rd period - Shot Misses the Net.
16:35 of 3rd period - Snap shot by Pavel Buchnevich.
16:35 of 3rd period - Goal by Pavel Buchnevich - Capitals : 2 - Panthers : 3.
16:36 of 3rd period - Miro Aaltonen wins face-off versus Cody Hodgson in neutral zone.
16:51 of 3rd period - Slapshot by Cody Hodgson.
16:51 of 3rd period - Stopped by Brandon Halverson without a rebound.
16:52 of 3rd period - Patrick Kane wins face-off versus Matt Duchene in Panthers zone.
17:07 of 3rd period - Wrist shot by Matt Duchene.
17:07 of 3rd period - Stopped by Cory Schneider with a rebound.
17:09 of 3rd period - Wrist shot by Matt Duchene.
17:09 of 3rd period - Stopped by Cory Schneider without a rebound.
17:10 of 3rd period - Miro Aaltonen wins face-off versus Cody Hodgson in Capitals zone.
17:37 of 3rd period - Matt Duchene is hit by Brandon Gormley and loses puck.
18:47 of 3rd period - Capitals, Cory Schneider is pulled from the net.
18:59 of 3rd period - Slapshot by Ladislav Smid.
18:59 of 3rd period - Deflect By Bobby Ryan.
18:59 of 3rd period - Goal by Ladislav Smid - Capitals : 2 - Panthers : 4.
18:59 of 3rd period - Cory Schneider from Capitals was sent back in the game.
19:00 of 3rd period - Cody Hodgson wins face-off versus Derick Brassard in neutral zone.
19:33 of 3rd period - Wrist shot by Alex Pietrangelo.
19:33 of 3rd period - Deflect By Kris Versteeg.
19:33 of 3rd period - Stopped by Cory Schneider without a rebound.
19:34 of 3rd period - Taylor Hall wins face-off versus Miro Aaltonen in Capitals zone.
19:57 of 3rd period - Nicklas Backstrom is hit by Griffin Reinhart and loses puck.
Goals for this period are 1 for Capitals vs 3 for Panthers.
Shots for this period are 11 for Capitals vs 17 for Panthers.